 Dungeon Crawl Stone Soup version 0.31-a0-920-g28cbb04a8c (webtiles) character file.

Game seed: 6605847931996442201

924 Shayle the Ruffian (level 8, -1/60 HPs)
             Began as a Human Shapeshifter on Oct 17, 2023.
             Slain by a centaur (2 damage)
             ... on level 6 of the Dungeon.
             The game lasted 00:13:40 (5354 turns).

Shayle the Ruffian (Human Shapeshifter)             Turns: 5354, Time: 00:13:41

Health: -1/60      AC:  2    Str: 11 (14) XL:     8   Next: 32%
Magic:  11/11      EV: 14    Int: 10 (13) God:
Gold:   291        SH:  0    Dex: 16 (19) Spells: 8/12 levels left

rFire   . . .        e - +1 spear (venom)
rCold   . . .        (no shield)
rNeg    . . .        a - +0 animal skin
rPois   +            (helmet currently unavailable)
rElec   .            (cloak currently unavailable)
rCorr   .            (gloves currently unavailable)
SInv    .            (boots currently unavailable)
Will    .....        i - amulet of regeneration
Stlth   +            u - ring of poison resistance
HPRegen 1.10/turn    w - +6 ring of dexterity
MPRegen 0.12/turn

%: no passive effects
@: beast-form, studying Air Magic
A: beast (slay +2)
a: Begin Untransformation


You were on level 6 of the Dungeon.
You were a hulking beast.
You visited 1 branch of the dungeon, and saw 6 of its levels.

You collected 291 gold pieces.

Inventory:

Hand Weapons
 e - a +1 spear of venom (weapon)
Missiles
 z - 2 throwing nets
Armour
 a - a +0 animal skin (worn)
 o - a +1 pair of boots
Jewellery
 i - an amulet of regeneration (around neck)
 r - a ring of ice
 u - a ring of poison resistance (left hand)
 w - a +6 ring of dexterity (right hand)
Talismans
 c - a beast talisman (active)
 d - a flux talisman
 D - a serpent talisman
Wands
 j - a wand of iceblast (10)
Scrolls
 b - a scroll of summoning {unknown}
 f - 5 scrolls of teleportation
 h - a scroll of brand weapon
 m - a scroll of torment {unknown}
 n - a scroll of immolation {unknown}
 s - 4 scrolls of identify
 v - a scroll of blinking {unknown}
 y - a scroll of noise {unknown}
 B - a scroll of vulnerability {unknown}
 C - a scroll of enchant weapon {unknown}
Potions
 k - 4 potions of enlightenment
 l - 2 potions of invisibility
 p - 2 potions of might
 q - a potion of brilliance
 x - a potion of attraction


   Skills:
 + Level 3.9 Fighting
 + Level 4.3 Dodging
 + Level 4.9 Unarmed Combat
 + Level 2.5 Spellcasting
 + Level 2.7 Poison Magic
 + Level 4.5 Shapeshifting


You had 8 spell levels left.
You knew the following spells:

 Your Spells              Type           Power      Damage    Failure   Level
a - Olgreb's Toxic Radia  Pois           6%         N/A       67%         4

Your spell library contained the following spells:

 Spells                   Type           Power      Damage    Failure   Level
 Sting                    Tmut/Pois      12%        1d3       17%         1
 Poisonous Vapours        Pois/Air       6%         N/A       26%         2
 Leda's Liquefaction      Hex/Erth       0%         N/A       96%         4
 Lee's Rapid Deconstruct  Erth           0%         3d4*      100%        5
 Bombard                  Conj/Erth      0%         9d1       100%        6


Dungeon Overview and Level Annotations

Branches:
Dungeon (6/15)
 Temple: D:4-7

Altars:
Elyvilon
Hepliaklqana
Sif Muna

Annotations:
D:6 Edmund


Message History

A centaur comes into view.
The centaur is attracted toward you. The centaur is attracted toward you.
The centaur hits you. The centaur kicks you. The centaur hits you.
* * * LOW HITPOINT WARNING * * *
The centaur misses you.
You barely miss the centaur. You punch the centaur.
The centaur is lightly wounded.
The centaur hits you.
* * * LOW HITPOINT WARNING * * *
The centaur kicks you.
* * * LOW HITPOINT WARNING * * *
You feel less attractive to monsters.
You hit the centaur.
The centaur is poisoned.
The centaur is lightly wounded.
The centaur misses you. x2; The centaur hits you.
* * * LOW HITPOINT WARNING * * *
The centaur barely misses you.
You barely miss the centaur.
The centaur is moderately wounded.
The centaur hits you.
* * * LOW HITPOINT WARNING * * *
The centaur completely misses you.
Unknown command.
You hit the centaur.
The centaur looks even sicker.
The centaur is heavily wounded.
The centaur closely misses you. The centaur barely misses you.
The centaur hits you.
* * * LOW HITPOINT WARNING * * *
The centaur misses you.
Unknown command.
Okay, then.
Aiming: Iceblast
Press: ? - help, Shift-Dir - straight line The mass of ice explodes!
The iceblast engulfs the centaur!
The centaur is almost dead.
The centaur hits you.
* * * LOW HITPOINT WARNING * * *
The centaur barely misses you. x2; The centaur kicks you.
You die...

#....)<....[..............#
#.###..)......##..........#
...............##.....#...#
......[...[.)....#)).##...#
......##########)))...)####
..#.#..# #...#...#####.##
........#.........## #..##
...............c...####..#####
...##.##........h........)<.(#
... ... .....................#
.........#..........#
#...#...#############
######..! #.... #.... ...>..


You could see a centaur (very poisoned).

Vanquished Creatures
  A phantom (D:5)
  2 kobold brigands (D:6)
  3 scorpions
  A hound (D:5)
  A jelly (D:6)
  3 orc priests
  A sleepcap (D:4)
  2 iguanas
  4 orc wizards
  10 adders
  6 worms
  3 dart slugs
  11 orcs
  7 ball pythons
  2 bats (D:2)
  9 endoplasms
  5 giant cockroaches
  10 goblins
  4 hobgoblins
  7 jackals (D:3)
  15 kobolds
  3 quokkas
  6 rats
116 creatures vanquished.

Notes
Turn   | Place    | Note
-------+----------+-------------------------------------------
     0 | D:1      | Shayle the Human Shapeshifter began the quest for the Orb.
     0 | D:1      | Reached XP level 1. HP: 15/15 MP: 1/1
    26 | D:1      | Reached XP level 2. HP: 21/21 MP: 2/2
   213 | D:1      | You fall into a shaft and drop 1 floor!
   272 | D:2      | Found a shimmering blue altar of Sif Muna.
   319 | D:2      | Reached XP level 3. HP: 26/26 MP: 3/3
   409 | D:1      | Found a faded altar of an unknown god.
  1090 | D:2      | Reached XP level 4. HP: 22/33 MP: 4/4
  1943 | D:3      | Reached XP level 5. HP: 32/39 MP: 5/5
  2412 | D:3      | Learned a level 4 spell: Olgreb's Toxic Radiance
  2883 | D:3      | Reached XP level 6. HP: 17/46 MP: 6/6
  3148 | D:3      | Found a shimmering blue altar of Sif Muna.
  3185 | D:4      | Reached skill level 1 in Spellcasting
  3185 | D:4      | Reached skill level 1 in Poison Magic
  3273 | D:4      | Found a white marble altar of Elyvilon.
  3596 | D:4      | Reached XP level 7. HP: 49/52 MP: 7/9
  4226 | D:4      | Found a hazy altar of Hepliaklqana.
  4377 | D:5      | Entered Level 5 of the Dungeon
  5082 | D:6      | Reached XP level 8. HP: 41/59 MP: 11/11
  5273 | D:6      | Noticed Edmund
  5299 | D:6      | Identified a scroll of acquirement
  5299 | D:6      | Acquired a manual of Air Magic
  5354 | D:6      | HP: 1/60 [centaur (6)]
  5354 | D:6      | Slain by a centaur

Illustrated notes

Levels and vault maps discovered:
D:1:      lemuel_arrival_hallway, layout_basic,
          shapermc_ecumenical_altar_flowoftime
D:2:      layout_rooms, basic_altar, serial_co_window_serial, co_window_paths_b,
          co_window_corner_a, co_window_paths_b, co_window_paths_a,
          co_window_corner_a, co_window_paths_c, co_window_of_opportunity_b,
          co_window_of_opportunity_c, co_window_cross_2, co_window_broadway_b,
          co_window_broadway_b, co_window_broadway_a, glass_columns_a,
          kennysheep_generic_room_5
D:3:      layout_loops_corners, led_sif_pool, minmay_misc_feat_enclosed,
          grunt_decor_mini_mirrors
D:4:      minmay_door_path, layout_basic, nicolae_elyvilon_temple_path,
          nicolae_hepliaklqana_hippocampus
D:5:      layout_loops_cross
D:6:      layout_rooms, minmay_temple_entry_tees,
          mainiacjoe_ossuary_entry_dusty_tomb, nicolae_stop_n_shop_1,
          uniq_edmund

Skill      XL: |  1  2  3  4  5  6  7 |
---------------+----------------------+-----
Fighting       | 2 3 |  3.9
Dodging        | 3 4 |  4.3
Unarmed Combat | 4 |  4.9
Spellcasting   | 1 2 |  2.5
Poison Magic   | 1 2 |  2.7
Shapeshifting  | 4 |  4.5

Action                     |  1- 3 |  4- 6 |  7- 9 || total
---------------------------+-------+-------+-------++-------
  Melee: Spear             |    88 |   150 |   120 ||   358
         Punch             |     4 |     2 |     5 ||    11
  Evoke: Wand              |       |       |     1 ||     1
    Use: Scroll            |     3 |     2 |     2 ||     7
         Potion            |       |     2 |     4 ||     6
   Stab: Sleeping          |     2 |     1 |     1 ||     4
 Armour: Animal skin       |    25 |    78 |   101 ||   204
         Skin              |       |     5 |       ||     5
  Dodge: Dodged            |    50 |    95 |    82 ||   227

Table legend: (Time is in decaauts)
 A = Elapsed time spent in this place.
 B = Non-inter-level travel time spent in this place.
 C = Inter-level travel time spent in this place.
 D = Time resting spent in this place.
 E = Time spent auto-exploring this place.
 F = Levels seen in this place.
 G = Mean time per level.
                   A        B        C        D        E       F      G
               +--------+--------+--------+--------+--------+-----+--------+
         Total |   5388 |   5252 |    136 |    416 |   3590 |   6 |  898.0 |
       Dungeon |   5388 |   5252 |    136 |    416 |   3590 |   6 |  898.0 |
               +--------+--------+--------+--------+--------+-----+--------+

Top non-repeatable levels by time:
     D:3: 1363 daAuts
     D:4: 1219 daAuts
     D:2: 1093 daAuts
     D:1: 725 daAuts
     D:5: 687 daAuts
     D:6: 298 daAuts
